 Dungeon Crawl Stone Soup version 0.31-a0-202-g547052bce9 (webtiles) character file.

Game seed: 12669854756523042582

367 qw the Skirmisher (level 6, -3/35 HPs)
             Began as a Deep Elf Hunter on June 26, 2023.
             Was an Initiate of Okawaru.
             Succumbed to a goblin's poison
             ... on level 4 of the Dungeon.
             The game lasted 00:01:03 (2656 turns).

qw the Skirmisher (Deep Elf Hunter)                 Turns: 2656, Time: 00:01:04

Health: -3/35      AC:  5    Str: 10    XL:     6   Next: 41%
Magic:  8/8        EV: 13    Int: 14    God:    Okawaru [......]
Gold:   84         SH:  0    Dex: 24    Spells: 5/5 levels left

rFire   . . .        Y - +1 shortbow
rCold   . . .        (shield currently unavailable)
rNeg    . . .        a - +0 troll leather armour
rPois   .            j - +0 helmet
rElec   .            (no cloak)
rCorr   .            (no gloves)
SInv    .            (no boots)
Will    .....        (no amulet)
Stlth   ++           n - +6 ring of dexterity
HPRegen 1.05/turn    (no ring)
MPRegen 0.11/turn

%: no passive effects
@: lethally poisoned (-3 -> -16), about to teleport
A: no striking features
a: Renounce Religion


You were on level 4 of the Dungeon.
You worshipped Okawaru.
Okawaru was noncommittal.
You visited 1 branch of the dungeon, and saw 4 of its levels.

You collected 84 gold pieces.


   Skills:
 - Level 2.0 Fighting
 - Level 9.7 Ranged Weapons
 + Level 3.2 Dodging
 - Level 1.2 Stealth


You had 5 spell levels left.
You didn't know any spells.
Your spell library was empty.

Inventory:

Hand Weapons
 Y - a +1 shortbow (weapon)
Armour
 a - a +0 troll leather armour (worn)
 j - a +0 helmet (worn)
Jewellery
 n - a +6 ring of dexterity (left hand)
Scrolls
 c - a scroll of identify
 o - a scroll of teleportation
Potions
 d - a potion of mutation
 e - a potion of curing {unknown}
 f - a potion of haste {unknown}
 h - a potion of cancellation {unknown}
 k - a potion of heal wounds {unknown}
 l - a potion of might {unknown}
 m - a potion of attraction {unknown}

Dungeon Overview and Level Annotations

Branches:
Dungeon (4/15)
 Temple: D:4-7

Altars:
Okawaru

Shops:
D:2 ?(*[

Annotations:
D:2 exclusions: 2 ball pythons and rat
D:3 2 runed translucent doors, qw's ghost, amateur DEHu
D:4 Robin


Message History

A goblin comes into view. It is wielding a +2 dagger of venom.
You shoot an arrow. The arrow barely misses the goblin.
The goblin closely misses you. The goblin hits you but does no damage.
Robin throws the goblin at you!
You shoot an arrow. The arrow hits the goblin!
You kill the goblin!
Okawaru accepts your kill.
The goblin hits you with a +2 dagger of venom.
You are poisoned.
The goblin hits you with a +0 club.
You shoot an arrow. The arrow hits the goblin!
You kill the goblin!
Okawaru accepts your kill.
You feel very sick.
The goblin hits you with a +2 dagger of venom.
You are more poisoned.
You shoot an arrow. The arrow hits the hobgoblin.
The hobgoblin is almost dead.
You feel very sick.
The hobgoblin hits you but does no damage.
The goblin barely misses you.
You shoot an arrow. The arrow hits the hobgoblin!
You kill the hobgoblin!
Okawaru accepts your kill.
You feel sick.
The goblin hits you with a +2 dagger of venom.
You are more poisoned.
You shoot an arrow. The arrow closely misses Robin.
You feel very sick.
The goblin hits you with a +2 dagger of venom.
You are more poisoned.
Robin completely misses you.
2655 ||| READING 2 scrolls of teleportation.
As you read the scroll of teleportation, it crumbles to dust.
You feel strangely unstable.
You feel extremely sick. The goblin closely misses you.
Robin hits you but does no damage.
You shoot an arrow. The arrow hits Robin.
Robin is lightly wounded.
You die...

#...###...........# ..
#.....#..####
###.....#..######
...>#####........######
.###.###.#..####.......
..####.#.###.# ########
.........# ##.#
.#####)g.# ## ##@##
.......g)# ...........
.....####.#.# ..... .#
# .... >) ... .. ...
..#


You could see Robin and a goblin (strong).

Vanquished Creatures
  A scorpion (D:3)
  A jelly (D:4)
  Jessica (D:3)
  Natasha (thrice) (D:3)
  2 gnolls (D:4)
  7 adders
  A worm (D:2)
  3 dart slugs
  3 orcs
  3 ball pythons
  11 endoplasms
  13 goblins
  9 hobgoblins
  2 jackals (D:2)
  3 kobolds
  5 quokkas
  5 bats
  5 frilled lizards
  9 rats
87 creatures vanquished.

Notes
Turn   | Place    | Note
-------+----------+-------------------------------------------
     0 | D:1      | qw the Deep Elf Hunter began the quest for the Orb.
     0 | D:1      | Reached XP level 1. HP: 12/12 MP: 3/3
     0 | D:1      | 0 ||| qw: Version: 0.3-a-22-g0ed2b0b
     0 | D:1      | 0 ||| qw: Game counter: 6300
     0 | D:1      | 0 ||| qw: Melee chars always use a shield: true
     0 | D:1      | 0 ||| qw: God list: Okawaru
     0 | D:1      | 0 ||| qw: Allow faded altars: false
     0 | D:1      | 0 ||| qw: Do Orc after clearing Dungeon:15 true
     0 | D:1      | 0 ||| qw: Do second Lair branch before Depths: true
     0 | D:1      | 0 ||| qw: Lair rune preference: random
     0 | D:1      | 0 ||| qw: Goals: Normal
     0 | D:1      | 0 ||| PLANNING D:1-11
   206 | D:1      | Reached XP level 2. HP: 16/16 MP: 4/4
   341 | D:1      | Reached skill level 6 in Ranged Weapons
   500 | D:1      | Found a faded altar of an unknown god.
   770 | D:1      | 770 ||| UPGRADING to +0 ring mail.
   780 | D:1      | 780 ||| DROPPING +0 leather armour.
   781 | D:1      | 781 ||| UPGRADING to +0 helmet.
   786 | D:1      | 786 ||| READING scroll labelled BABUHUN CUWE.
   787 | D:1      | 787 ||| READING scroll labelled MELEYV ADIFI.
   788 | D:1      | 788 ||| READING scroll labelled OHAWKIACS.
   789 | D:1      | 789 ||| DROPPING scroll of butterflies.
   826 | D:2      | Found Xawkuvi's Weapon Shoppe.
   835 | D:2      | Found Nericrih's Magic Scroll Shoppe.
   905 | D:2      | Reached XP level 3. HP: 20/20 MP: 5/5
  1177 | D:2      | Found Nomeor's Antique Armour Emporium.
  1186 | D:2      | 1186 ||| SHOPLISTING dyed leather armour (135 gold, have
                  | 5).
  1186 | D:2      | 1186 ||| SHOPLISTING glowing ring mail (189 gold, have 5).
  1224 | D:2      | Reached skill level 7 in Ranged Weapons
  1377 | D:2      | Reached XP level 4. HP: 23/25 MP: 6/6
  1469 | D:2      | Found Kedif's Assorted Antiques.
  1477 | D:2      | 1477 ||| SHOPLISTING green potion (25 gold, have 18).
  1477 | D:2      | 1477 ||| SHOPLISTING notched marble ring (140 gold, have
                  | 18).
  1477 | D:2      | 1477 ||| SHOPLISTING red potion (25 gold, have 18).
  1477 | D:2      | 1477 ||| SHOPLISTING scroll labelled CESAK ILUMEMOL (28
                  | gold, have 18).
  1477 | D:2      | 1477 ||| SHOPLISTING sedimented orange potion (25 gold,
                  | have 18).
  1477 | D:2      | 1477 ||| SHOPLISTING silvery potion (25 gold, have 18).
  1787 | D:3      | Reached skill level 8 in Ranged Weapons
  1826 | D:3      | Noticed Jessica
  1829 | D:3      | Killed Jessica
  1859 | D:3      | Reached XP level 5. HP: 29/29 MP: 7/7
  1885 | D:3      | Found a large runed translucent door.
  1886 | D:3      | Found a large runed translucent door.
  1888 | D:3      | Noticed qw's ghost (amateur DEHu)
  1930 | D:3      | Noticed Natasha
  1934 | D:3      | Killed Natasha
  2004 | D:3      | Reached skill level 9 in Ranged Weapons
  2026 | D:3      | Noticed Natasha
  2043 | D:3      | Killed Natasha
  2092 | D:3      | Reached XP level 6. HP: 35/35 MP: 8/8
  2196 | D:3      | Noticed Natasha
  2200 | D:3      | Killed Natasha
  2308 | D:3      | 2308 ||| DROPPING ring of wizardry.
  2309 | D:3      | 2309 ||| UPGRADING to +6 ring of dexterity.
  2310 | D:3      | 2310 ||| READING scroll labelled KEMISACHAST.
  2311 | D:3      | 2311 ||| READING 3 scrolls labelled CITER RUITE.
  2312 | D:3      | 2312 ||| READING scroll labelled CESAK ILUMEMOL.
  2313 | D:3      | 2313 ||| READING 2 scrolls labelled SIDADI ZUMONOO.
  2337 | D:3      | 2337 ||| READING 2 scrolls of identify.
  2337 | D:3      | 2337 ||| IDENTIFYING inky potion
  2425 | D:4      | Reached skill level 3 in Dodging
  2514 | D:4      | 2514 ||| Stepping ~*~*~tactically~*~*~ (outnumbered).
  2515 | D:4      | 2515 ||| Stepping ~*~*~tactically~*~*~ (outnumbered).
  2517 | D:4      | 2517 ||| Stepping ~*~*~tactically~*~*~ (outnumbered).
  2521 | D:4      | 2521 ||| Stepping ~*~*~tactically~*~*~ (outnumbered).
  2545 | D:4      | Found an iron altar of Okawaru.
  2546 | D:4      | 2546 ||| PLANNING OKAWARU WORSHIP
  2546 | D:4      | 2546 ||| UPGRADING to +0 troll leather armour.
  2556 | D:4      | 2556 ||| DROPPING +0 ring mail.
  2564 | D:4      | Became a worshipper of Warmaster Okawaru
  2565 | D:4      | 2565 ||| PLANNING D:1-11
  2642 | D:4      | Noticed Robin
  2654 | D:4      | HP: 7/35 [goblin/+2 dagger of venom[Robin] (5)]
  2655 | D:4      | 2655 ||| READING 2 scrolls of teleportation.
  2655 | D:4      | HP: 1/35 [poisoned by a goblin]
  2656 | D:4      | Succumbed to a goblin's poison

Levels and vault maps discovered:
D:1:      sevenhm_arrival_forest_fort_large_4, layout_basic,
          hellmonk_ecumenical_altar_crossroads, chequers_arboretum,
          minmay_indecisive_spiral
D:2:      minmay_chambers_of_twos, layout_loops_ring, serial_shops,
          nicolae_shop_statue_plus, nicolae_shop_rolling_square, shop_fountains,
          nicolae_shop_peninsula, chequers_avenue
D:3:      layout_basic, ebering_ghost_disaster_area, moated_statue, st_stairs_1,
          guppyfry_early_lair_pool, uniq_natasha, uniq_jessica
D:4:      layout_loops_ring, okawaru_altar_gauntlet_db, kennysheep_diamond,
          uniq_robin, uniq_duvessa, uniq_ijyb

Skill      XL: |  1  2  3  4  5  6 |
---------------+-------------------+-----
Ranged Weapons | 6 7 8 9 |  9.7
Fighting       | 2 |  2.0
Dodging        | 3 |  3.2
Stealth        | |  1.2

Action                     |  1- 3 |  4- 6 || total
---------------------------+-------+-------++-------
   Fire: Shortbow          |   102 |   136 ||   238
    Use: Scroll            |     3 |     6 ||     9
 Armour: Leather armour    |     3 |       ||     3
         Ring mail         |    14 |    16 ||    30
         Troll leather arm |       |     6 ||     6
  Dodge: Dodged            |    28 |    31 ||    59

Table legend:
 A = Non-vault XP
 B = Vault XP
 C = Vault XP percentage of total XP
 D = Non-vault monster count
 E = Vault monster count
 F = Vault count percentage of total count
                 A         B        C        D         E       F
            +---------+---------+-------+---------+---------+-------
      Total |     256 |     269 |  51.2 |      55 |      32 |  36.8
            +---------+---------+-------+---------+---------+-------
        D:1 |      21 |       6 |  22.2 |      13 |       4 |  23.5
        D:2 |      42 |      40 |  48.8 |      16 |       8 |  33.3
        D:3 |     142 |     170 |  54.5 |      22 |       5 |  18.5
        D:4 |      51 |      53 |  51.0 |       4 |      15 |  78.9
            +---------+---------+-------+---------+---------+-------
